 Dungeon Crawl Stone Soup version 0.31-a0-963-ga325b2283a (webtiles) character file.

Game seed: 10277432517987943311

466 sircluck the Ruffian (level 6, -25/61 HPs)
             Began as a Troll Berserker on Oct 25, 2023.
             Was a Priest of Trog.
             Annihilated by an ogre
             ... wielding a +0 giant club
              (33 damage)
             ... on level 6 of the Dungeon.
             The game lasted 00:04:05 (3149 turns).

sircluck the Ruffian (Troll Berserker)              Turns: 3149, Time: 00:04:06

Health: -25/61     AC:  4    Str: 28    XL:     6   Next: 81%
Magic:  5/5        EV: 10    Int:  3    God:    Trog [***...]
Gold:   300        SH:  0    Dex:  9    Spells: 5/5 levels left

rFire   . .          .
                       - Unarmed
rCold   . . .        (no shield)
rNeg    . . .        a - +0 animal skin
rPois   .            (helmet restricted)
rElec   .            (no cloak)
rCorr   .            (gloves unavailable)
SInv    .            (boots unavailable)
Will    .....        (no amulet)
Stlth   +            (no ring)
HPRegen 1.10/turn    (no ring)
MPRegen 0.09/turn

%: no passive effects
@: no status effects
A: large, unfitting armour, claws 3, regeneration 1, shaggy fur 1, tough skin 1
a: Renounce Religion, Berserk, Trog's Hand


You were on level 6 of the Dungeon.
You worshipped Trog.
Trog was most pleased with you.
You visited 1 branch of the dungeon, and saw 6 of its levels.

You collected 300 gold pieces.

Inventory:

Armour
 a - a +0 animal skin (worn)
Jewellery
 i - a +5 ring of evasion
Scrolls
 d - 3 scrolls of enchant weapon {unknown}
 g - a scroll of enchant armour {unknown}
 j - a scroll of silence {unknown}
 k - a scroll of amnesia {unknown}
 n - a scroll of revelation {unknown}
 o - 3 scrolls of teleportation {unknown}
 p - 4 scrolls of identify {unknown}
 r - a scroll of poison {unknown}
 s - a scroll of torment {unknown}
 t - a scroll of noise {unknown}
 u - a scroll of blinking {unknown}
 w - a scroll of immolation {unknown}
Potions
 b - 4 potions of curing {unknown}
 c - 2 potions of enlightenment {unknown}
 e - a potion of haste {unknown}
 f - 2 potions of degeneration {unknown}
 h - 2 potions of magic {unknown}
 l - a potion of mutation {unknown}
 m - a potion of lignification {unknown}
 q - a potion of cancellation {unknown}
 v - a potion of berserk rage {unknown}
 x - a potion of invisibility {unknown}


   Skills:
 + Level 3.3 Fighting
 + Level 3.9 Dodging
 + Level 0.7 Stealth
 + Level 5.9 Unarmed Combat


You had 5 spell levels left.
You didn't know any spells.
Your spell library was empty.

Dungeon Overview and Level Annotations

Branches:
Dungeon (6/15)
 Temple: D:4-7

Altars:
Hepliaklqana
Makhleb


Innate Abilities, Weirdness & Mutations

You are too large for most types of armour.
You have claws for hands.
Your natural rate of healing is unusually fast.
You are covered in fur. (AC +1)
You have tough skin. (AC +1)


Message History

You start resting.
You feel a strong urge to attack something.
You start resting.
You feel your anger nearly subside.
You are no longer berserk.
You are exhausted.
You feel yourself slow down.
You start resting.
You feel yourself speed up.
You start resting.
HP restored.
You start waiting.
You recover from your berserk rage.
You climb upwards.
The gnoll closely misses you. The orc priest barely misses you.
There is a stone staircase leading down, spattered with blood here.
You scratch the orc priest.
The orc priest is lightly wounded.
The orc priest invokes the aid of Beogh against you.
Beogh smites you!
You barely miss the orc priest.
The orc priest is lightly wounded.
The gnoll hits you with a +0 halberd! The orc priest closely misses you.
The ogre hits you with a +0 giant club!!
* * * LOW HITPOINT WARNING * * *
You are too injured to fight recklessly!
You are too injured to fight recklessly!
You are too injured to fight recklessly!
You are too injured to fight recklessly!
You are too injured to fight recklessly!
You are too injured to fight recklessly!
You are too injured to fight recklessly!
Unknown command.
The gnoll hits you from afar with a +0 spear!
* * * LOW HITPOINT WARNING * * *
The gnoll completely misses you. The orc priest barely misses you.
You climb downwards.
There is a stone staircase leading up, spattered with blood here.
The ogre hits you with a +0 giant club!!
Ouch! That really hurt!
You die...

###. #...#
#.....
......
#.=....
.......
##O......
#@o......
#)g......
.........
#.........
#####.....
#####


You could see an ogre, an orc priest and a gnoll.

Vanquished Creatures
  An ice beast (D:6)
  A scorpion (D:4)
  A sleepcap (D:4)
  2 gnolls
  10 adders
  A shadow imp (D:4)
  4 white imps (D:4)
  4 ufetubi (D:4)
  2 worms
  2 dart slugs
  14 orcs
  8 ball pythons
  9 bats
  9 endoplasms
  3 giant cockroaches
  9 goblins
  8 hobgoblins
  A jackal (D:3)
  6 kobolds
  A quokka (D:2)
  4 frilled lizards
  7 rats
107 creatures vanquished.

Notes
Turn   | Place    | Note
-------+----------+-------------------------------------------
     0 | D:1      | sircluck the Troll Berserker began the quest for the Orb.
     0 | D:1      | Reached XP level 1. HP: 22/22 MP: 0/0
    21 | D:1      | Found a faded altar of an unknown god.
    67 | D:1      | Reached XP level 2. HP: 29/29 MP: 1/1
   172 | D:1      | Reached ** piety under Trog
   266 | D:1      | Reached XP level 3. HP: 36/36 MP: 2/2
  1009 | D:2      | Reached skill level 4 in Unarmed Combat
  1152 | D:3      | Reached XP level 4. HP: 44/44 MP: 3/3
  1419 | D:3      | Reached *** piety under Trog
  1592 | D:3      | Reached XP level 5. HP: 50/52 MP: 4/4
  2037 | D:4      | Reached skill level 5 in Unarmed Combat
  2215 | D:4      | Found a burning altar of Makhleb.
  2252 | D:4      | Found a hazy altar of Hepliaklqana.
  2318 | D:4      | Reached XP level 6. HP: 53/61 MP: 5/5
  2979 | D:5      | Entered Level 5 of the Dungeon
  2999 | D:5      | Noticed an ice beast
  3095 | D:6      | Killed an ice beast
  3149 | D:6      | Annihilated by an ogre

Illustrated notes

Levels and vault maps discovered:
D:1:      ebering_trefoil_3fold, layout_rooms,
          shapermc_ecumenical_altar_rom_forum, hangedman_feature_mirror
D:2:      minmay_alternating_diamond, layout_basic, st_stairs_12
D:3:      minmay_recursive_quarters, layout_loops_ring, grunt_decor_one_mirror,
          minmay_strange_pillars
D:4:      layout_loops_corners, mainiacjoe_overflow_catch_the_wave,
          serial_demonic, serial_demonic_c, serial_demonic_b, serial_demonic_g,
          serial_demonic_e
D:5:      layout_rooms, gammafunk_temple_overflow_forgotten, temple_doors_cd
D:6:      layout_cave_pods, elyvilon_altar_3

Skill      XL: |  1  2  3  4  5 |
---------------+----------------+-----
Dodging        | 3 |  3.9
Unarmed Combat | 4 5 |  5.9
Fighting       | 3 |  3.3
Stealth        | |  0.7

Action                     |  1- 3 |  4- 6 || total
---------------------------+-------+-------++-------
  Melee: Unarmed           |    86 |   187 ||   273
         Punch             |     3 |     5 ||     8
 Invoke: Berserk           |       |     2 ||     2
   Stab: Distracted        |     1 |       ||     1
         Sleeping          |       |     1 ||     1
 Armour: Animal skin       |    43 |   140 ||   183
  Dodge: Dodged            |    39 |   120 ||   159

Table legend: (Time is in decaauts)
 A = Elapsed time spent in this place.
 B = Non-inter-level travel time spent in this place.
 C = Inter-level travel time spent in this place.
 D = Time resting spent in this place.
 E = Time spent auto-exploring this place.
 F = Levels seen in this place.
 G = Mean time per level.
                   A        B        C        D        E       F      G
               +--------+--------+--------+--------+--------+-----+--------+
         Total |   3153 |   3066 |     87 |    214 |   2253 |   6 |  525.5 |
       Dungeon |   3153 |   3066 |     87 |    214 |   2253 |   6 |  525.5 |
               +--------+--------+--------+--------+--------+-----+--------+

Top non-repeatable levels by time:
     D:4: 1026 daAuts
     D:3: 801 daAuts
     D:2: 744 daAuts
     D:1: 398 daAuts
     D:6: 147 daAuts
     D:5: 35 daAuts
